 Dungeon Crawl Stone Soup version 0.16.0-14-g63f578d (console) character file.

39 gw the Insei (level 3, -4/29 HPs)
             Began as a Demonspawn Monk on Mar 19, 2015.
             Slain by a gnoll
             ... wielding a +0 flail
              (11 damage)
             ... on level 2 of the Dungeon.
             The game lasted 00:04:09 (1562 turns).

gw the Insei (Demonspawn Monk)                      Turns: 1562, Time: 00:04:09

Health: -4/29      AC:  8    Str: 11    XL:     3   Next: 26%
Magic:  3/3        EV:  5    Int: 11    God:
Gold:   83         SH:  0    Dex: 16    Spells: 0 memorised, 2 levels left

rFire  . . .     SeeInvis .       - Unarmed
rCold  + . .     Clarity  .     n - +0 chain mail
rNeg   . . .     SustAb   .     (no shield)
rPois  .         Gourm    .     (no helmet)
rElec  .         Spirit   .     (no cloak)
rCorr  .         Warding  .     (no gloves)
rMut   .         Stasis   .     (no boots)
MR     .....                    (no amulet)
Stlth  ..........               (no ring)
                                e - ring of protection from cold

@: not resistant to hostile enchantments, extremely unstealthy
A: claws 1, demonic guardian 1
a: no special abilities


You were on level 2 of the Dungeon.
You were hungry.

You visited 1 branch of the dungeon, and saw 2 of its levels.

You collected 83 gold pieces.

Inventory:

Missiles
 c - 10 stones (quivered)
 g - 16 poisoned needles
Armour
 n - a +0 chain mail (worn)
Jewellery
 e - a ring of protection from cold (left claw)
Scrolls
 a - a scroll of amnesia {unknown}
 j - a scroll of identify
Potions
 h - a potion of agility
Comestibles
 b - 2 bread rations
 f - 3 fruits
 i - a meat ration
 k - 2 beef jerkies


   Skills:
 + Level 3.2 Fighting
 + Level 0.8 Throwing
 + Level 0.5 Armour
 - Level 2.6 Dodging
 - Level 1.7 Stealth
 * Level 4.2 Unarmed Combat


You had 2 spell levels left.
You didn't know any spells.

Dungeon Overview and Level Annotations

Branches:
Dungeon (2/15)

Altars:


Innate Abilities, Weirdness & Mutations

You have sharp fingernails.
A weak demonic guardian rushes to your aid.


Message History

Unknown command.
Unknown command.
Unknown command.
ATTACK MOVE TO (0,1)
You scratch the gnoll.
You kill the gnoll!
Unknown command.
Unknown command.
Unknown command.
Unknown command.
ATTACK MOVE TO (0,1)
You completely miss the gnoll. The gnoll hits you with a flail.
The gnoll hits you from afar with a halberd!
Unknown command.
Unknown command.
Unknown command.
Unknown command.
ATTACK MOVE TO (0,1)
You scratch the gnoll but do no damage. The gnoll hits you with a flail!
You die...

###############.
#...............#
#.######......##
#.# #......# #.#
#......# #.#
#......# #.#
#.#.#..# #5#
#...#..#### #6#
#####...... #g#
##..... #g#
#####. .g. #. #.#
#. #.. #. ... #.
### #. #.


You could see 3 gnolls and a friendly quasit.

Table legend:
 A = Turns spent in this place as a percentage of turns spent in the entire game.
 B = Non-inter-level travel turns spent in this place as a percentage of non-inter-level travel turns spent in the entire game.
 C = Inter-level travel turns spent in this place as a percentage of turns spent in this place.
 D = Turns resting spent in this place as a percentage of non-inter-level travel turns spent in this place.
 E = Turns spent auto-exploring this place as a percentage of non-inter-level travel turns spent in this place.
 F = Non-inter-level travel turns spent in this place divided by the number of levels of this place that you've seen.
                   A       B       C       D       E      F
               +-------+-------+-------+-------+-------+----------------------
         Total | 100.0 | 100.0 |   0.2 |   0.3 |   1.1 | 2140.0
       Dungeon | 100.0 | 100.0 |   0.2 |   0.3 |   1.1 | 2140.0
               +-------+-------+-------+-------+-------+----------------------

Table legend:
 A = Kills in this place as a percentage of kills in entire the game.
 B = Kills by you in this place as a percentage of kills by you in the entire game.
 C = Kills by friends in this place as a percentage of kills by friends in the entire game.
 D = Other kills in this place as a percentage of other kills in the entire game.
 E = Experience gained in this place as a percentage of experience gained in the entire game.
 F = Experience gained in this place divided by the number of levels of this place that you have seen.
                   A       B       C       D       E      F
               +-------+-------+-------+-------+-------+----------------------
         Total | 100.0 | 100.0 |  -nan |  -nan | 100.0 |  28.0
       Dungeon | 100.0 | 100.0 |  -nan |  -nan | 100.0 |  28.0
               +-------+-------+-------+-------+-------+----------------------

Vanquished Creatures
  A gnoll (D:2)
  A giant gecko (D:1)
  An ooze (D:1)
  A ball python (D:1)
  4 giant cockroaches (D:1)
  4 goblins (D:1)
  A hobgoblin (D:1)
  4 jackals (D:1)
  A bat (D:1)
  3 giant newts (D:1)
  4 kobolds (D:1)
  3 rats (D:1)
28 creatures vanquished.

Notes
Turn   | Place    | Note
--------------------------------------------------------------
     0 | D:1      | gw, the Demonspawn Monk, began the quest for the Orb.
     0 | D:1      | Reached XP level 1. HP: 18/18 MP: 1/1
    36 | D:1      | Noticed a big kobold
    36 | D:1      | Noticed a big kobold
    37 | D:1      | Noticed a big kobold
    88 | D:1      | Noticed a big kobold
   625 | D:1      | Gained mutation: You have sharp fingernails. [demonic ancestry]
   625 | D:1      | Reached XP level 2. HP: 24/24 MP: 2/2
   731 | D:1      | Reached skill level 4 in Unarmed Combat
  1466 | D:1      | Gained mutation: A weak demonic guardian rushes to your aid. [demonic ancestry]
  1466 | D:1      | Reached XP level 3. HP: 29/29 MP: 3/3
  1562 | D:2      | Slain by a gnoll

Action                   || total
-------------------------++-------
Melee: Unarmed           ||    84
Throw: Stone             ||    54
  Use: Scroll            ||     4
       Potion            ||     1
 Stab: Sleeping          ||     2
  Eat: Chunk             ||     2

Vault maps used:
D:1:      erik_arrival_cave_to_civilisation
D:2:      first_bread
